 Dungeon Crawl Stone Soup version 0.27.1-33-g824d729ab1 (webtiles) character file.

Game seed: 14318986096714577154

28 zeram the Sneak (level 3, -1/21 HPs)
             Began as an Octopode Enchanter on Dec 20, 2021.
             Slain by a gnoll (6 damage)
             ... on level 1 of the Dungeon.
             The game lasted 00:01:28 (1252 turns).

zeram the Sneak (Octopode Enchanter)                Turns: 1252, Time: 00:01:29

Health: -1/21      AC:  1    Str:  7    XL:     3   Next: 14%
Magic:  6/6        EV: 13    Int: 18    God:
Gold:   15         SH:  0    Dex: 12    Spells: 5/6 levels left

rFire    . . .     SeeInvis .   a - +1 dagger
rCold    . . .     Faith    .   (no shield)
rNeg     . . .     Spirit   .   (helmet restricted)
rPois    .         Reflect  .   (no amulet)
rElec    .         Harm     .   (no ring)
rCorr    .         Rampage  .   (no ring)
Will     .....                  (no ring)
Stlth    ++++......             (no ring)
HPRegen  0.07/turn              (no ring)
MPRegen  0.10/turn              (no ring)
                                (no ring)
                                (no ring)

@: no status effects
A: almost no armour, amphibious, 8 rings, camouflage 1, gelatinous body 1,
(nimble swimmer 1), tentacles
a: no special abilities


You were on level 1 of the Dungeon.
You visited 1 branch of the dungeon, and saw 1 of its levels.

You collected 15 gold pieces.

Inventory:

Hand Weapons
 a - a +1 dagger (weapon)
Missiles
 d - 64 stones (quivered)
Scrolls
 b - a scroll of amnesia {unknown}
 g - a scroll of teleportation {unknown}
 i - a scroll of acquirement {unknown}
 j - a scroll of summoning {unknown}
 k - a scroll of fog {unknown}
 l - a scroll of identify {unknown}
 m - a scroll of immolation {unknown}
Potions
 c - a potion of magic {unknown}
 e - a potion of haste {unknown}
 f - a potion of berserk rage {unknown}
 h - a potion of might {unknown}


   Skills:
 - Level 1.0 Short Blades
 - Level 2.0 Dodging
 + Level 5.9 Stealth
 - Level 2.0 Spellcasting
 - Level 3.0 Hexes


You had 5 spell levels left.
You knew the following spells:

 Your Spells              Type           Power      Damage    Failure   Level
a - Corona                Hex            13%        N/A       5%          1

Your spell library contained the following spells:

 Spells                   Type           Power      Damage    Failure   Level
 Ensorcelled Hibernation  Hex/Ice        14%        N/A       14%         2
 Confusing Touch          Hex            12%        N/A       16%         3
 Tukima's Dance           Hex            12%        N/A       16%         3
 Dazzling Flash           Conj/Hex       14%        N/A       28%         3


Dungeon Overview and Level Annotations

Branches:
Dungeon (1/15)

Altars:


Innate Abilities, Weirdness & Mutations

You cannot wear most types of armour.
You are amphibious.
You can wear up to eight rings at the same time.
Your skin changes colour to match your surroundings (Stealth+).
Your rubbery body absorbs attacks. (AC +1, EV +1)
((You are camouflaged near water. (Stealth+)))
You have tentacles for arms and can constrict up to eight enemies at once.


Message History

There is an open door here.
A gnoll is nearby!
A gnoll is nearby!
A gnoll is nearby!
A gnoll is nearby!
A bat and a hobgoblin come into view.
The gnoll shouts!
You barely miss the gnoll. You grab the gnoll.
You constrict the gnoll, but do no damage.
The bat barely misses you. The gnoll barely misses you.
You hit the gnoll. You squeeze the gnoll.
The gnoll is heavily wounded.
You constrict the gnoll. The bat barely misses you.
The gnoll hits you with a +0 flail!
You hit the gnoll but do no damage.
The gnoll is heavily wounded.
You constrict the gnoll. The bat completely misses you.
The gnoll hits you with a +0 flail.
You are too injured to fight recklessly!
You release your grip on the gnoll.
The bat barely misses you. The hobgoblin hits you.
The bat hits you but does no damage.
There is an open door here.
The bat hits you. The bat misses you.
You barely miss the bat. Your grab misses the bat. You squeeze the bat.
You kill the bat!
Casting: Corona (safe; 5% risk of failure)
Confirm with . or Enter, or press ? or * to list all spells.
Okay, then.
You barely miss the gnoll. You grab the gnoll.
The gnoll is heavily wounded.
You constrict the gnoll. The gnoll hits you with a +0 flail.
* * * LOW HITPOINT WARNING * * *
You completely miss the gnoll.
The gnoll is severely wounded.
You constrict the gnoll. The gnoll barely misses you.
You hit the gnoll.
The gnoll is almost dead.
You constrict the gnoll. The gnoll hits you with a +0 flail.
You die...

##+##.#....#.########......####..
#....#.#........................
####........#...#####..##....(..
#...........#.# #..##.......
#...........#.# .....#.......
#...........#.# #.###+#.....##
####'######.#.# #.#.........##
#######.######.#.# #......#####
...............#@# #†.....#
....)...########g### #......#
........#.......g..# #......# ###
........#..........# #......# #..
........#..........# #......# #)#
........#..........#.#####'## #.#
#########..........#.......## #.#
#..........#######..# #.#
#..........#######..###.#


You could see a gnoll and a hobgoblin.

Vanquished Creatures
  A dart slug (D:1)
  2 endoplasms (D:1)
  A giant cockroach (D:1)
  4 goblins (D:1)
  2 hobgoblins (D:1)
  3 kobolds (D:1)
  2 quokkas (D:1)
  2 ball pythons (D:1)
  2 bats (D:1)
  3 frilled lizards (D:1)
  4 rats (D:1)
26 creatures vanquished.

Notes
Turn   | Place    | Note
-------+----------+-------------------------------------------
     0 | D:1      | zeram the Octopode Enchanter began the quest for the Orb.
     0 | D:1      | Reached XP level 1. HP: 11/11 MP: 3/3
   305 | D:1      | Reached XP level 2. HP: 15/17 MP: 5/5
   386 | D:1      | Reached skill level 5 in Stealth
  1096 | D:1      | Reached XP level 3. HP: 19/21 MP: 6/6
  1252 | D:1      | Slain by a gnoll

Illustrated notes

Levels and vault maps discovered:
D:1:      matt_arrival_los_fun, layout_basic

Skill      XL: |  1  2 |
---------------+-------+-----
Stealth        | 5 |  5.9
Short Blades   | |  1.0
Dodging        | |  2.0
Spellcasting   | |  2.0
Hexes          | |  3.0

Action                   || total
-------------------------++-------
Melee: Dagger            ||    59
       Constrict         ||    14
       Tentacles         ||     6
 Stab: Sleeping          ||     8
Armor: Skin              ||     6
Dodge: Dodged            ||    28
